cohdb
Replays
Latest Replays
All Replays
Popular Replays
Top Player Replays
Match Explorer
How It Works
Community
CoH3 Stats
Reddit
Sign in to upload your games and track your stats! →
Sign in with Steam
Match 43914032
Unlisted
Match 43914032
Overview
Messages
Build Orders
End
Pioneer Squad
Construct Infanterie Kompanie
Selects Luftwaffe Battlegroup
Selects Luftwaffe Pioneer Support
Grenadier Squad
Grenadier Squad
Grenadier Squad
Infanterie Officer Quarters
Grenadier Squad
Grenadier Squad
Grenadier Squad
Selects LG40 Recoilless Gun Paradrop
Grenadier Squad
LG40 Recoilless Gun Paradrop
Construct Luftwaffe Kompanie
LG40 Recoilless Gun Paradrop
Selects Stuka Strafing Run
Selects Infantry Reserves
Selects Fallschirmjäger Squad Paradrop
Stuka Strafing Run
Barbarossa
小芙丽娅
0
0
Comments
sign in to comment!
No comments posted yet!